 Dungeon Crawl Stone Soup version 0.21.1-1-g345015fe64 (webtiles) character file.

354 Gargoyl the Skirmisher (level 6, -2/57 HPs)
             Began as a Centaur Abyssal Knight on Apr 17, 2018.
             Was a Believer of Lugonu.
             Killed by divine providence
             ... invoked by an orc priest
              (13 damage)
             ... on level 5 of the Dungeon.
             The game lasted 00:06:34 (3423 turns).

Gargoyl the Skirmisher (Centaur Abyssal Knight)     Turns: 3423, Time: 00:06:35

Health: -2/57      AC: 12    Str: 14    XL:     6   Next: 35%
Magic:  9/9        EV:  1    Int: 11    God:    Lugonu [**....]
Gold:   189        SH:  3    Dex: 11    Spells: 5/5 levels left

rFire    + . .     SeeInvis +   a - +2 hand axe
rCold    . . .     Gourm    .   j - +0 buckler
rNeg     . . .     Faith    .   b - +1 plate armour {rF+}
rPois    +         Spirit   .   (helmet restricted)
rElec    .         Reflect  .   d - +0 cloak
rCorr    .         Harm     .   h - +0 pair of gloves
MR       .....                  (no barding)
Stlth    ..........             l - amulet of rage
HPRegen  0.19/turn              e - ring of poison resistance
MPRegen  0.11/turn              (no ring)

@: lethally poisoned (-2 -> -3), very quick
A: large, hooves 3, horns 1, see invisible, deformed body, speed 2, robust 1,
tough skin 3
a: Depart the Abyss, Bend Space, Renounce Religion, Evoke Berserk Rage


You were on level 5 of the Dungeon.
You worshipped Lugonu.
Lugonu was pleased with you.
You were not hungry.

You visited 1 branch of the dungeon, and saw 5 of its levels.
You visited the Abyss 1 time.

You collected 189 gold pieces.

Inventory:

Hand Weapons
 a - a +2 hand axe (weapon)
Armour
 b - a +1 plate armour of fire resistance (worn)
 d - a +0 cloak (worn)
 f - a +1 helmet
 h - a +0 pair of gloves (worn)
 j - a +0 buckler (worn)
Jewellery
 e - a ring of poison resistance (left hand)
 l - an amulet of rage (around neck)
Scrolls
 i - 4 scrolls of remove curse
 o - a scroll of identify
 u - a scroll of noise {unknown}
Potions
 g - 3 potions of agility
 m - a potion of berserk rage
 n - 2 potions of brilliance
 p - a potion of lignification {unknown}
 q - 3 potions of invisibility {unknown}
 r - a potion of magic {unknown}
 s - a potion of mutation
Books
 k - a book of Misfortune

   Spells                             Type                      Level
   a - Confusing Touch                Hexes                        1
   b - Confuse                        Hexes                        3
   c - Gell's Gravitas                Translocation                3
   d - Petrify                        Transmutation/Earth          4
   e - Metabolic Englaciation         Hexes/Ice                    5
   f - Yara's Violent Unravelling     Hexes/Transmutation          5
Comestibles
 c - 6 rations


   Skills:
 + Level 4.1 Fighting
 + Level 3.4 Axes
 * Level 2.7 Armour
 + Level 0.8 Dodging
 * Level 4.0 Invocations
 + Level 0.9 Evocations


You had 5 spell levels left.
You didn't know any spells.

Dungeon Overview and Level Annotations

Branches:
Dungeon (5/15)
 Temple: D:4-7

Altars:
Fedhas
Nemelex Xobeh


Innate Abilities, Weirdness & Mutations

You have hooves in place of feet.
Armour fits poorly on your strangely shaped body.
You cover ground very quickly.
You have extremely tough skin. (AC +3)
You have a pair of small horns on your head.
You have supernaturally acute eyesight. (SInv)
You are robust. (+10% HP)


Message History

The adder poisons you!
You hit the adder.
You kill the adder!
Lugonu accepts your kill.
You feel sick.
You completely miss the orc priest. Your headbutt misses the orc priest.
The orc priest hits you but does no damage.
Unknown command.
Unknown command.
You barely miss the orc priest.
You feel sick.
The orc priest hits you but does no damage.
You hit the orc priest.
The orc priest is lightly wounded.
You block the orc priest's attack.
Unknown command.
You hit the orc priest.
The orc priest is moderately wounded.
The orc priest invokes the aid of Beogh against you.
Beogh smites you!
You die...

#.# ##.# #.# #.#
#.# #.#### #.#
#....# ##.# ####.#
.#### ...# ###.#
..(.. #### #...#
#.#.# # #.###
#.#o# # #.# #.#@#
# #.# #.#.# #
####.## #.#.#
#####.....####.#.#
......#..........#
#####.........####
####.###†.#
#...#..# #.#.#).#


You could see an orc priest.

Vanquished Creatures
  An ogre (D:4)
  A bullfrog skeleton (D:4)
  4 orc wizards
  3 adders
  An ooze (D:1)
  An adder skeleton (D:3)
  2 worms
  3 dart slugs
  6 leopard geckos
  7 orcs
  7 bats
  4 giant cockroaches
  5 goblins
  A hobgoblin (D:1)
  A quokka (D:3)
  4 frilled lizards
  8 kobolds
  8 rats
67 creatures vanquished.

Vanquished Creatures (others)
  An orc wizard (D:5)
1 creature vanquished.

Grand Total: 68 creatures vanquished

Notes
Turn   | Place    | Note
-------+----------+-------------------------------------------
     0 | Abyss:1  | Gargoyl the Centaur Abyssal Knight began the quest for the Orb.
     0 | Abyss:1  | Reached XP level 1. HP: 19/19 MP: 2/2
    78 | Abyss:1  | Noticed a small abomination
    82 | Abyss:1  | Gained mutation: You have a pair of small antennae on your head. [potion of mutation]
    82 | Abyss:1  | Gained mutation: You are partially covered in molten scales. (AC +2) [potion of mutation]
   131 | Abyss:1  | Noticed a jelly
   162 | Abyss:1  | Noticed a quicksilver dragon skeleton
   166 | Abyss:1  | Noticed a chaos spawn
   166 | Abyss:1  | Noticed a small abomination
   182 | Abyss:1  | Noticed a chaos spawn
   182 | Abyss:1  | Noticed a worldbinder
   184 | D:1      | Escaped the Abyss
   355 | D:1      | Reached * piety under Lugonu
   397 | D:1      | Reached XP level 2. HP: 25/26 MP: 3/3
  1132 | D:2      | Reached XP level 3. HP: 28/33 MP: 4/4
  1237 | D:2      | Lost mutation: You have a pair of small antennae on your head. [potion of mutation]
  1237 | D:2      | Gained mutation: You have a pair of small horns on your head. [potion of mutation]
  1237 | D:2      | Gained mutation: You are agile. (Dex +2) [potion of mutation]
  1237 | D:2      | Gained mutation: You evolve. [potion of mutation]
  1238 | D:2      | Lost mutation: You are agile. (Dex +2) [potion of mutation]
  1238 | D:2      | Lost mutation: You are partially covered in molten scales. (AC +2) [potion of mutation]
  1238 | D:2      | Lost mutation: You evolve. [potion of mutation]
  1238 | D:2      | Gained mutation: You have supernaturally acute eyesight. (SInv) [potion of mutation]
  1238 | D:2      | Gained mutation: You are robust. (+10% HP) [potion of mutation]
  1452 | D:2      | You fall through a shaft for 2 floors!
  1589 | D:3      | Reached ** piety under Lugonu
  1805 | D:3      | Reached XP level 4. HP: 42/44 MP: 5/5
  2426 | D:4      | Reached XP level 5. HP: 46/50 MP: 7/7
  2787 | D:4      | Found a sparkling altar of Nemelex Xobeh.
  2787 | D:4      | Found a blossoming altar of Fedhas.
  2812 | D:4      | Noticed an ogre
  2833 | D:4      | HP: 2/50 [ogre/giant spiked club (14)]
  3144 | D:4      | Killed an ogre
  3144 | D:4      | Reached XP level 6. HP: 57/57 MP: 8/8
  3271 | D:5      | Entered Level 5 of the Dungeon
  3423 | D:5      | Killed from afar by an orc priest

Skill      XL: |  1  2  3  4  5  6 |
---------------+-------------------+-----
Axes           | 2 3 |  3.4
Armour         | 2 |  2.7
Invocations    | 3 4 |  4.0
Fighting       | 4 |  4.1
Dodging        | |  0.8
Evocations     | |  0.9

Action                   |  1- 3 |  4- 6 || total
-------------------------+-------+-------++-------
Melee: Hand axe          |    97 |    76 ||   173
       Kick              |     7 |    20 ||    27
       Headbutt          |     5 |     9 ||    14
Invok: Depart the Abyss  |     1 |       ||     1
       Bend Space        |       |     2 ||     2
 Abil: Evoke Berserk Rag |       |     1 ||     1
  Use: Scroll            |     6 |     3 ||     9
       Potion            |     3 |       ||     3
  Eat: Chunk             |     2 |     2 ||     4
       Ration            |       |     1 ||     1
Armor: Leather armour    |    39 |       ||    39
       Plate armour      |    45 |    64 ||   109
       Chain mail        |     3 |       ||     3
Dodge: Dodged            |    37 |       ||    37
Block: Buckler           |     5 |     7 ||    12
